 Dungeon Crawl Stone Soup version 0.31-a0-217-g58bb5d79cf (webtiles) character file.

Game seed: 10855396111302082121

82 qw the Shooter (level 4, 0/36 HPs)
             Began as a Minotaur Hexslinger on July 2, 2023.
             Killed from afar by Terence (6 damage)
             ... with a puff of flame
             ... on level 3 of the Dungeon.
             The game lasted 00:00:40 (1727 turns).

qw the Shooter (Minotaur Hexslinger)                Turns: 1727, Time: 00:00:40

Health: 0/36       AC:  6    Str: 13    XL:     4   Next: 21%
Magic:  4/4        EV: 11    Int: 10    God:
Gold:   116        SH:  0    Dex: 14    Spells: 4/5 levels left

rFire   . . .        Y - +1 sling
rCold   . . .        (no shield)
rNeg    . . .        g - +0 ring mail
rPois   .            (helmet restricted)
rElec   .            (no cloak)
rCorr   .            (no gloves)
SInv    .            b - +0 pair of boots
Will    .....        (no amulet)
Stlth   +            (no ring)
HPRegen 0.26/turn    (no ring)
MPRegen 0.09/turn

%: no passive effects
@: no status effects
A: horns 2, retaliatory headbutt
a: no special abilities


You were on level 3 of the Dungeon.
You visited 1 branch of the dungeon, and saw 3 of its levels.

You collected 116 gold pieces.


Innate Abilities, Weirdness & Mutations

You have a pair of horns on your head.
You reflexively headbutt those who attack you in melee.


   Skills:
 - Level 2.0 Fighting
 + Level 4.5 Ranged Weapons
 - Level 1.2 Armour
 - Level 2.1 Dodging
 - Level 1.0 Spellcasting
 - Level 2.0 Hexes


You had 4 spell levels left.
You knew the following spells:

 Your Spells              Type           Power      Damage    Failure   Level
a - Slow                  Hex            16%        N/A       32%         1

Your spell library contained the following spells:

 Spells                   Type           Power      Damage    Failure   Level
 Inner Flame              Hex/Fire       2%         N/A       82%         3
 Portal Projectile        Hex/Tloc       4%         N/A       82%         3
 Cause Fear               Hex            2%         N/A       97%         4

Inventory:

Hand Weapons
 Y - a +1 sling (weapon)
Armour
 b - a +0 pair of boots (worn)
 g - a +0 ring mail (worn)
Jewellery
 f - a ring of ice
Scrolls
 c - a scroll of identify
Potions
 a - a potion of invisibility {unknown}
 d - a potion of resistance {unknown}
 e - a potion of degeneration {unknown}
 h - a potion of berserk rage {unknown}
 i - a potion of attraction {unknown}

Dungeon Overview and Level Annotations

Branches:
Dungeon (3/15)

Altars:

Shops:
D:1 (

Annotations:
D:3 Terence


Message History

Terence is lightly wounded.
Terence hits you but does no damage. x2
You shoot a sling bullet. The sling bullet barely misses Terence.
Terence hits you with a +0 short sword.
You shoot a sling bullet.
The sling bullet hits Terence but does no damage.
Terence is lightly wounded.
Terence hits you with a +0 short sword.
You shoot a sling bullet. The sling bullet hits Terence.
Terence is moderately wounded.
Terence hits you with a +0 short sword. x2
You shoot a sling bullet.
The sling bullet hits Terence but does no damage.
Terence is moderately wounded.
Terence hits you with a +0 short sword.
You shoot a sling bullet.
The sling bullet closely misses Terence.
Terence zaps a wand.
The puff of flame hits you!
You shoot a sling bullet.
The sling bullet closely misses Terence.
Terence hits you but does no damage. Terence barely misses you.
You shoot a sling bullet.
The sling bullet completely misses Terence.
Terence hits you with a +0 short sword.
You shoot a sling bullet.
The sling bullet hits Terence but does no damage.
Terence is moderately wounded.
Terence hits you but does no damage.
You shoot a sling bullet. The sling bullet barely misses Terence.
Terence hits you with a +0 short sword. x2
You shoot a sling bullet.
The sling bullet closely misses Terence.
Terence hits you with a +0 short sword.
You shoot a sling bullet. The sling bullet hits Terence.
Terence is heavily wounded.
Terence completely misses you.
You shoot a sling bullet.
The sling bullet completely misses Terence.
Terence zaps a wand.
The puff of flame hits you.
You die...

#.# ## ###.# .
....#. ....## #.
.....
##...######.###
....
.........##...#
...
.#..####..###.#
.. ..#..#
##.....###.## #
.....##
#####...#..#....
##.#..#
#.#.@@..)...
.#.##.#
#.####.##...
...##.# #.# #
#...#.# #.#
##..#.# #..
#...(##### ###
#.#).....#
#.#.####.#
..#.####.#


You could see Terence.

Vanquished Creatures
  2 adders (D:2)
  An ufetubus (D:2)
  3 worms (D:2)
  2 orcs (D:3)
  3 ball pythons
  5 endoplasms (D:2)
  4 giant cockroaches
  A goblin (D:2)
  2 hobgoblins
  2 kobolds
  3 quokkas
  3 bats
  14 frilled lizards
  4 rats
49 creatures vanquished.

Notes
Turn   | Place    | Note
-------+----------+-------------------------------------------
     0 | D:1      | qw the Minotaur Hexslinger began the quest for the Orb.
     0 | D:1      | Reached XP level 1. HP: 16/16 MP: 1/1
     0 | D:1      | 0 ||| qw: Version: 0.3-a-40-ge99b1a8
     0 | D:1      | 0 ||| qw: Game counter: 233
     0 | D:1      | 0 ||| qw: Melee chars always use a shield: true
     0 | D:1      | 0 ||| qw: God list: Okawaru
     0 | D:1      | 0 ||| qw: Allow faded altars: false
     0 | D:1      | 0 ||| qw: Do Orc after clearing Dungeon:15 true
     0 | D:1      | 0 ||| qw: Do second Lair branch before Depths: true
     0 | D:1      | 0 ||| qw: Lair rune preference: random
     0 | D:1      | 0 ||| qw: Goals: Normal
     0 | D:1      | 0 ||| PLANNING D:1-11
   276 | D:1      | Reached skill level 3 in Ranged Weapons
   281 | D:1      | Reached XP level 2. HP: 23/23 MP: 2/2
   442 | D:1      | Found Ymozisemp's Weapon Shoppe.
   636 | D:1      | 636 ||| UPGRADING to +0 ring mail.
   646 | D:1      | 646 ||| DROPPING +0 robe.
   647 | D:1      | 647 ||| READING scroll labelled KASSAL BE DUDU.
   652 | D:1      | 652 ||| DROPPING scroll of poison.
   807 | D:2      | Reached XP level 3. HP: 29/29 MP: 3/3
   925 | D:2      | Reached skill level 4 in Ranged Weapons
  1128 | D:2      | Reached skill level 1 in Armour
  1401 | D:2      | Reached XP level 4. HP: 36/36 MP: 4/4
  1588 | D:2      | 1588 ||| UPGRADING to +0 pair of boots.
  1593 | D:2      | 1593 ||| READING 2 scrolls labelled HYCIARR UCSO.
  1708 | D:3      | Noticed Terence
  1720 | D:3      | HP: 8/36 [Terence/puff of flame (10)]
  1725 | D:3      | HP: 5/36 [Terence/+0 short sword (1)]
  1727 | D:3      | Killed from afar by Terence

Levels and vault maps discovered:
D:1:      roderic_octagonal_star, layout_loops_ring, serial_shops,
          nicolae_shop_hallway_stairs, minmay_lizard_king
D:2:      layout_loops_corners
D:3:      layout_rooms, chequers_serial_rivers_micro_e, minmay_cut_off,
          uniq_terence, uniq_grinder

Skill      XL: |  1  2  3 |
---------------+----------+-----
Ranged Weapons | 3 4 |  4.5
Fighting       | 2 |  2.0
Armour         | 1 |  1.2
Dodging        | |  2.1
Spellcasting   | |  1.0
Hexes          | |  2.0

Action                     |  1- 3 |  4- 6 || total
---------------------------+-------+-------++-------
   Fire: Sling             |   121 |    41 ||   162
    Use: Scroll            |     1 |     1 ||     2
 Armour: Ring mail         |    17 |     4 ||    21
         Robe              |     2 |       ||     2
  Dodge: Dodged            |    41 |     3 ||    44

Table legend:
 A = Non-vault XP
 B = Vault XP
 C = Vault XP percentage of total XP
 D = Non-vault monster count
 E = Vault monster count
 F = Vault count percentage of total count
                 A         B        C        D         E       F
            +---------+---------+-------+---------+---------+-------
      Total |     109 |       9 |   7.6 |      40 |       9 |  18.4
            +---------+---------+-------+---------+---------+-------
        D:1 |      14 |       9 |  39.1 |       9 |       9 |  50.0
        D:2 |      86 |       0 |   0.0 |      27 |       0 |   0.0
        D:3 |       9 |       0 |   0.0 |       4 |       0 |   0.0
            +---------+---------+-------+---------+---------+-------
